 Dungeon Crawl Stone Soup version 0.31-a0-237-g2d982f9f85 (webtiles) character file.

Game seed: 11072650398691838454

224 qw the Shooter (level 6, -4/37 HPs)
             Began as a Gargoyle Hexslinger on July 11, 2023.
             Slain by a gnoll
             ... wielding a +0 spear
              (7 damage)
             ... on level 3 of the Dungeon.
             The game lasted 00:01:08 (2395 turns).

qw the Shooter (Gargoyle Hexslinger)                Turns: 2395, Time: 00:01:09

Health: -4/37      AC: 17    Str: 11    XL:     6   Next: 0%
Magic:  7/7        EV: 10    Int: 14    God:
Gold:   127        SH:  0    Dex: 20    Spells: 6/7 levels left

rFire   x x .        Y - +1 sling
rCold   x x .        (no shield)
rNeg    + . .        k - +0 ring mail
rPois   inf          (no helmet)
rElec   +            (no cloak)
rCorr   .            (no gloves)
SInv    .            (no boots)
Will    .....        a - amulet of Elemental Vulnerability {rPois rF-- rC-- AC+8}
Stlth   +            f - +6 ring of dexterity
HPRegen 0.26/turn    (no ring)
MPRegen 0.10/turn

%: no passive effects
@: no status effects
A: sickness immunity, AC +4, negative energy resistance 1, electricity
resistance, torment resistance 1, petrification resistance
a: no special abilities


You were on level 3 of the Dungeon.
You visited 1 branch of the dungeon, and saw 3 of its levels.

You collected 127 gold pieces.


Innate Abilities, Weirdness & Mutations

You are immune to sickness and miasma.
Your stone body is resilient. (AC +4)
You are immune to poison.
You resist negative energy. (rN+)
You are resistant to electric shocks. (rElec)
You are resistant to unholy torment.
You are immune to petrification.


   Skills:
 - Level 3.0 Fighting
 + Level 5.2 Ranged Weapons
 - Level 1.0 Armour
 - Level 1.5 Dodging
 - Level 1.0 Spellcasting
 - Level 2.6 Hexes


You had 6 spell levels left.
You knew the following spells:

 Your Spells              Type           Power      Damage    Failure   Level
a - Slow                  Hex            32%        N/A       21%         1

Your spell library contained the following spells:

 Spells                   Type           Power      Damage    Failure   Level
 Inner Flame              Hex/Fire       4%         N/A       71%         3
 Portal Projectile        Hex/Tloc       8%         N/A       71%         3
 Cause Fear               Hex            4%         N/A       90%         4

Inventory:

Hand Weapons
 Y - a +1 sling (weapon)
Armour
 k - a +0 ring mail (worn)
Jewellery
 a - the amulet of Elemental Vulnerability (around neck) {rPois rF-- rC-- AC+8}
   (You found it on level 2 of the Dungeon)

   [amulet of nothing]

   AC:        It affects your AC (+8).
   rF:        It makes you very vulnerable to fire.
   rC:        It makes you very vulnerable to cold.
   rPois:     It protects you from poison.
 f - a +6 ring of dexterity (left hand)
Scrolls
 b - a scroll of amnesia {unknown}
 i - 2 scrolls of identify
Potions
 e - a potion of enlightenment {unknown}
 h - a potion of curing {unknown}
 j - a potion of brilliance {unknown}

Dungeon Overview and Level Annotations

Branches:
Dungeon (3/15)

Altars:

Shops:
D:2 (


Message History

The gnoll barely misses you. The orc hits you with a +0 hand axe.
The gnoll hits you but does no damage. The gnoll hits you with a +0 halberd.
The orc hits you but does no damage. The gnoll hits you but does no damage.
You shoot a sling bullet. The sling bullet hits the gnoll.
The gnoll is almost dead.
The gnoll closely misses you. The gnoll barely misses you.
The orc completely misses you.
You shoot a sling bullet. The sling bullet hits the gnoll.
You kill the gnoll!
The gnoll hits you but does no damage. The orc hits you but does no damage.
Your Fighting skill increases to level 3!
You shoot a sling bullet. The sling bullet hits the orc.
The orc is moderately wounded.
The gnoll misses you. The orc barely misses you.
You shoot a sling bullet.
The sling bullet closely misses the orc.
The sling bullet barely misses the gnoll.
The gnoll barely misses you. The orc hits you but does no damage.
The orc hits you with a +0 hand axe.
The gnoll hits you from afar with a +0 spear.
You shoot a sling bullet. The sling bullet hits the orc.
The orc is moderately wounded.
The gnoll hits you but does no damage. The orc hits you with a +0 hand axe.
You shoot a sling bullet. The sling bullet barely misses the orc.
The sling bullet barely misses the gnoll.
The gnoll barely misses you. The orc hits you but does no damage.
You shoot a sling bullet. The sling bullet hits the orc.
The orc is severely wounded.
The gnoll closely misses you. The orc completely misses you.
You shoot a sling bullet. The sling bullet hits the orc!
You kill the orc!
The gnoll barely misses you. The gnoll hits you but does no damage.
You have reached level 6!
You shoot a sling bullet.
The sling bullet barely misses the gnoll.
The gnoll hits you from afar with a +0 spear.
You shoot a sling bullet. The sling bullet hits the gnoll!
The gnoll is heavily wounded.
The gnoll hits you from afar with a +0 spear!
You die...

###)#....'.).........
#).....############
###....#......#8..8
#)##)'##..#8..'....
#.........#8))'....
#....).......)#....
#.##')#########....
###....# #....
#)@....# #....
#)#....+ #....
.g.#############''''
#... ........... ####
~~~~~~~.... ~~
~~~~~~~..(. ~~~
~~~~~~~.... ...
......%)...
########...


You could see a gnoll.

Vanquished Creatures
  Jessica (D:2)
  An orc wizard (D:3)
  6 gnolls (D:3)
  2 adders (D:2)
  5 dart slugs
  7 orcs (D:3)
  6 ball pythons
  4 endoplasms
  3 giant cockroaches
  10 hobgoblins
  10 jackals
  5 quokkas
  3 bats
  A frilled lizard (D:3)
  5 goblins
  4 kobolds (D:1)
  4 rats
77 creatures vanquished.

Notes
Turn   | Place    | Note
-------+----------+-------------------------------------------
     0 | D:1      | qw the Gargoyle Hexslinger began the quest for the Orb.
     0 | D:1      | Reached XP level 1. HP: 12/12 MP: 2/2
     0 | D:1      | 0 ||| qw: Version: 0.3-a-52-g30416fa
     0 | D:1      | 0 ||| qw: Game counter: 5468
     0 | D:1      | 0 ||| qw: Melee chars always use a shield: true
     0 | D:1      | 0 ||| qw: God list: Okawaru
     0 | D:1      | 0 ||| qw: Allow faded altars: false
     0 | D:1      | 0 ||| qw: Do Orc after clearing Dungeon:15 true
     0 | D:1      | 0 ||| qw: Do second Lair branch before Depths: true
     0 | D:1      | 0 ||| qw: Lair rune preference: random
     0 | D:1      | 0 ||| qw: Goals: Normal
     0 | D:1      | 0 ||| PLANNING D:1-11
   220 | D:1      | Reached XP level 2. HP: 16/16 MP: 3/3
   237 | D:1      | Reached skill level 3 in Ranged Weapons
   660 | D:1      | Reached XP level 3. HP: 12/21 MP: 4/4
  1030 | D:1      | 1030 ||| UPGRADING to +6 ring of dexterity.
  1031 | D:1      | 1031 ||| DROPPING ring of wizardry.
  1032 | D:1      | 1032 ||| READING scroll labelled HAMUQA SA LOC.
  1033 | D:1      | 1033 ||| READING 3 scrolls labelled QEVVYAMIUSH.
  1034 | D:1      | 1034 ||| READING scroll labelled KUR OMEFESOPN.
  1035 | D:1      | 1035 ||| READING scroll labelled QUCVISTRAULEUPH.
  1036 | D:1      | 1036 ||| DROPPING scroll of poison.
  1037 | D:1      | 1037 ||| DROPPING 2 scrolls of revelation.
  1092 | D:2      | Found the amulet of Elemental Vulnerability {rPois rF--
                  | rC-- AC+8}
  1096 | D:2      | 1096 ||| STAIRDANCE
  1127 | D:2      | Found Xyff's Antique Weapon Shop.
  1144 | D:2      | 1144 ||| SHOPLISTING runed longbow (199 gold, have 60).
  1144 | D:2      | 1144 ||| SHOPLISTING scorched orcbow (178 gold, have 60).
  1186 | D:2      | Noticed Jessica
  1192 | D:2      | Killed Jessica
  1193 | D:2      | Reached skill level 4 in Ranged Weapons
  1193 | D:2      | Reached XP level 4. HP: 21/26 MP: 5/5
  1793 | D:2      | 1793 ||| UPGRADING to +0 ring mail.
  1803 | D:2      | 1803 ||| DROPPING +0 robe.
  1804 | D:2      | 1804 ||| UPGRADING to amulet of Elemental Vulnerability
                  | {rPois rF-- rC-- AC+8}.
  1809 | D:2      | 1809 ||| READING scroll labelled PONIEME QALIA.
  1810 | D:2      | 1810 ||| READING scroll labelled WAQOCOOSTRU.
  1815 | D:2      | 1815 ||| READING scroll labelled NEYGRI WAFE.
  1816 | D:2      | 1816 ||| DRINKING 3 inky potions.
  1817 | D:2      | 1817 ||| DRINKING 3 yellow potions.
  1822 | D:2      | 1822 ||| STAIRDANCE
  1924 | D:1      | 1924 ||| DROPPING 2 potions of invisibility.
  1925 | D:1      | 1925 ||| DROPPING 2 potions of berserk rage.
  1975 | D:3      | Reached XP level 5. HP: 30/30 MP: 6/6
  2039 | D:3      | Reached skill level 1 in Armour
  2083 | D:3      | 2083 ||| Stepping ~*~*~tactically~*~*~ (outnumbered).
  2094 | D:3      | HP: 6/30 [gnoll/+0 halberd (4)]
  2098 | D:3      | HP: 2/30 [something/magic dart (5)]
  2105 | D:3      | Reached skill level 5 in Ranged Weapons
  2377 | D:3      | 2377 ||| Stepping ~*~*~tactically~*~*~ (outnumbered).
  2388 | D:3      | Reached skill level 3 in Fighting
  2389 | D:3      | HP: 8/32 [orc/+0 hand axe (5)]
  2390 | D:3      | HP: 3/32 [orc/+0 hand axe (2)]
  2394 | D:3      | Reached XP level 6. HP: 5/37 MP: 7/7
  2395 | D:3      | Slain by a gnoll

Levels and vault maps discovered:
D:1:      minmay_arrival_stone_box, layout_basic
D:2:      layout_basic, serial_shops, shop, uniq_jessica
D:3:      lemuel_castle_with_subvaults [lemuel_castle_interior_carwin_2],
          layout_rooms, minmay_liquid_box

Skill      XL: |  1  2  3  4  5 |
---------------+----------------+-----
Ranged Weapons | 3 4 5 |  5.2
Fighting       | 2 3 |  3.0
Armour         | 1 |  1.0
Dodging        | |  1.5
Spellcasting   | |  1.0
Hexes          | |  2.6

Action                     |  1- 3 |  4- 6 || total
---------------------------+-------+-------++-------
   Fire: Sling             |   140 |   136 ||   276
    Use: Scroll            |     4 |     3 ||     7
         Potion            |       |     2 ||     2
 Armour: Robe              |    25 |     7 ||    32
         Ring mail         |       |    62 ||    62
  Dodge: Dodged            |    47 |    77 ||   124

Table legend:
 A = Non-vault XP
 B = Vault XP
 C = Vault XP percentage of total XP
 D = Non-vault monster count
 E = Vault monster count
 F = Vault count percentage of total count
                 A         B        C        D         E       F
            +---------+---------+-------+---------+---------+-------
      Total |     135 |     185 |  57.8 |      58 |      19 |  24.7
            +---------+---------+-------+---------+---------+-------
        D:1 |      71 |       0 |   0.0 |      35 |       0 |   0.0
        D:2 |      54 |      37 |  40.7 |      17 |       1 |   5.6
        D:3 |      10 |     148 |  93.7 |       6 |      18 |  75.0
            +---------+---------+-------+---------+---------+-------
